 Dungeon Crawl Stone Soup version 0.24-a0-176-gc3651c4 (console) character file.

Game seed: 12583136258777676983

15 Duffy the Ruffian (level 2, 0/23 HPs)
             Began as a Draconian Transmuter on Mar 12, 2019.
             Slain by a goblin
             ... wielding a +0 dagger
              (1 damage)
             ... on level 3 of the Dungeon.
             The game lasted 00:00:28 (434 turns).

Duffy the Ruffian (Draconian Transmuter)             Turns: 434, Time: 00:00:29

Health: 0/23       AC:  5    Str: 12    XL:     2   Next: 34%
Magic:  0/5        EV: 12    Int: 13    God:
Gold:   27         SH:  0    Dex: 11    Spells: 4/5 levels left

rFire    . . .     SeeInvis .     - Unarmed
rCold    . . .     Gourm    .   (no shield)
rNeg     . . .     Faith    .   (armour unavailable)
rPois    .         Spirit   +   (helmet restricted)
rElec    .         Reflect  .   d - scarf {Spirit}
rCorr    .         Harm     .   (no gloves)
MR       .....                  e - +0 pair of boots
Stlth    +.........             (no amulet)
HPRegen  0.07/turn              (no ring)
MPRegen  0.09/turn              (no ring)

@: no status effects
A: unfitting armour, cold-blooded, AC +4
a: no special abilities


You were on level 3 of the Dungeon.
You were not hungry.

You visited 1 branch of the dungeon, and saw 3 of its levels.

You collected 27 gold pieces.

Inventory:

Missiles
 a - 12 arrows
Armour
 d - a scarf of spirit shield (worn)
 e - a +0 pair of boots (worn)
Scrolls
 f - 2 scrolls of magic mapping {unknown}
Comestibles
 c - a ration


   Skills:
 - Level 1.1 Fighting
 - Level 1.7 Dodging
 + Level 3.4 Unarmed Combat
 - Level 2.0 Spellcasting
 + Level 2.5 Transmutations


You had 4 spell levels left.
You knew the following spells:

 Your Spells              Type           Power        Failure   Level  Hunger
h - Beastly Appendage     Tmut           #.....       9%          1    ##.....

Your spell library contained the following spells:

 Spells                   Type           Power        Failure   Level  Hunger
 Sticks to Snakes         Tmut           #.......     14%         2    ###....
 Spider Form              Tmut/Pois      #.........   41%         3    ####...
 Ice Form                 Ice/Tmut       #.......     83%         4    #####..
 Blade Hands              Tmut           #.........   94%         5    ######.


Dungeon Overview and Level Annotations

Branches:
Dungeon (3/15)

Altars:


Innate Abilities, Weirdness & Mutations

Your plain brown scales are hard. (AC +4)
You cannot fit into any form of body armour.
You are cold-blooded and may be slowed by cold attacks.


Message History

The goblin hits you with a +0 dagger.
The orc hits you with a cursed +0 hand axe.
All of the chunks of flesh in your inventory have rotted away.
You are too injured to fight recklessly!
You are too injured to fight recklessly!
You are too injured to fight recklessly!
You are too injured to fight recklessly!
You are too injured to fight recklessly!
You are too injured to fight recklessly!
You closely miss the orc. The goblin hits you with a +0 dagger.
The orc barely misses you.
You hit the orc but do no damage. The goblin hits you but does no damage.
The orc hits you with a cursed +0 hand axe.
You closely miss the orc. The goblin hits you but does no damage.
You closely miss the orc. The orc hits you but does no damage.
The goblin closely misses you.
You hit the orc but do no damage. The goblin hits you but does no damage.
The orc hits you with a cursed +0 hand axe.
You barely miss the orc. The goblin hits you with a +0 dagger.
You die...

..########
......#...##
...<... .
....#.#
##[!#.###
#..<....##
+..........
#.)......##
#.@......#
#)og.....#
#.......##
........#
#........#
#........#
#...######
#...#


You could see an orc and a goblin.

Vanquished Creatures
  A leopard gecko (D:1)
  3 goblins (D:2)
  4 hobgoblins
  A kobold (D:2)
  3 rats
12 creatures vanquished.

Notes
Turn   | Place    | Note
-------+----------+-------------------------------------------
     0 | D:1      | Duffy the Draconian Transmuter began the quest for the Orb.
     0 | D:1      | Reached XP level 1. HP: 16/16 MP: 3/3
   201 | D:2      | Reached XP level 2. HP: 12/23 MP: 5/5
   433 | D:3      | HP: 1/23 [orc/cursed +0 hand axe (4)]
   434 | D:3      | Slain by a goblin

Levels and vault maps discovered:
D:1:      nagdon_arrival_double_spiral, layout_basic, st_stairs_10,
          minmay_tetromino_l4
D:2:      layout_basic, hex_medium
D:3:      minmay_skewed_foursquare, layout_basic, first_ration,
          saegor_snake_ambush

Action                   || total
-------------------------++-------
Melee: Unarmed           ||    41
       Tailslap          ||     1
Armor: Skin              ||    13
Dodge: Dodged            ||    29

Table legend:
 A = Non-vault XP
 B = Vault XP
 C = Vault XP percentage of total XP
 D = Non-vault monster count
 E = Vault monster count
 F = Vault count percentage of total count
                 A         B        C        D         E       F
            +---------+---------+-------+---------+---------+-------
      Total |      19 |       3 |  13.6 |      10 |       2 |  16.7
            +---------+---------+-------+---------+---------+-------
        D:1 |       4 |       1 |  20.0 |       2 |       1 |  33.3
        D:2 |      11 |       2 |  15.4 |       6 |       1 |  14.3
        D:3 |       4 |       0 |   0.0 |       2 |       0 |   0.0
            +---------+---------+-------+---------+---------+-------
